 Dungeon Crawl Stone Soup version 0.29-a0-251-g80730f7218 (webtiles) character file.

Game seed: 16748756737009233176

828 spaghetti the Nimble (level 7, -6/50 HPs)
             Began as an Octopode Chaos Knight on Mar 5, 2022.
             Was a Plaything of Xom.
             Mangled by Maggie
             ... wielding a +4 vorpal halberd
              (8 damage)
             ... on level 6 of the Dungeon.
             The game lasted 00:07:48 (5002 turns).

spaghetti the Nimble (Octopode Chaos Knight)        Turns: 5002, Time: 00:07:50

Health: -6/50      AC:  3    Str: 13    XL:     7   Next: 97%
Magic:  7/7        EV: 16    Int: 15    God:    Xom [......]
Gold:   204        SH:  3    Dex: 13    Spells: 6/6 levels left

rFire   . . .      SeeInvis .   a - +1 falchion (chaos) {long}
rCold   + + .      Faith    .   n - +0 buckler
rNeg    . . .      Spirit   .   (helmet restricted)
rPois   .          Reflect  .   (no amulet)
rElec   .          Harm     .   (no ring)
rCorr   .          Rampage  .   (no ring)
Will    .....                   (no ring)
Stlth   ++........              (no ring)
HPRegen 0.16/turn               (no ring)
MPRegen 0.10/turn               (no ring)
                                (no ring)
                                (no ring)

@: no status effects
A: almost no armour, amphibious, 8 rings, camouflage 1, gelatinous body 1,
(nimble swimmer 1), tentacles, iridescent scales 1, cold resistance 2, robust 1,
strong 1
a: Renounce Religion


You were on level 6 of the Dungeon.
You worshipped Xom.
You were a very special plaything of Xom.
You visited 1 branch of the dungeon, and saw 6 of its levels.

You collected 204 gold pieces.


Innate Abilities, Weirdness & Mutations

You cannot wear most types of armour.
You are amphibious.
You can wear up to eight rings at the same time.
Your skin changes colour to match your surroundings (Stealth+).
Your rubbery body absorbs attacks. (AC +1, EV +1)
((You are camouflaged when in or above water. (Stealth+)))
You have tentacles for arms and can constrict up to eight enemies at once.
You are partially covered in iridescent scales. (AC +2)
Your flesh is very cold resistant. (rC++)
You are robust. (+10% HP)
Your muscles are strong. (Str +2)


   Skills:
 - Level 3.0 Fighting
 - Level 3.0 Long Blades
 + Level 9.0 Dodging


You had 6 spell levels left.
You didn't know any spells.
Your spell library contained the following spells:

 Spells                   Type           Power      Damage    Failure   Level
 Magic Dart               Conj           0%         1d3       36%         1
 Shock                    Conj/Air       0%         1d3       36%         1
 Call Imp                 Summ           0%         N/A       50%         2
 Mephitic Cloud           Conj/Pois/Air  0%         N/A       73%         3
 Swiftness                Air            0%         N/A       73%         3
 Airstrike                Air            0%         N/A       98%         4

Inventory:

Hand Weapons
 a - a +1 falchion of chaos (weapon) {long}
Missiles
 d - 178 stones (quivered) {throwing}
 h - 2 curare-tipped darts {=fthrowing}
 l - 5 poisoned darts {throwing}
Armour
 n - a +0 buckler (worn)
   (You found it on level 4 of the Dungeon)
Jewellery
 e - a ring of positive energy
   (You found it on level 1 of the Dungeon)
 i - a ring of positive energy
   (You found it on level 2 of the Dungeon)
 q - a ring of flight
   (You found it on level 4 of the Dungeon)
 r - a ring of positive energy
   (You found it on level 4 of the Dungeon)
Wands
 m - a wand of iceblast (9)
   (You found it on level 4 of the Dungeon)
Scrolls
 c - a scroll of identify {@r1}
 f - a scroll of teleportation {@r4}
Potions
 b - 2 potions of brilliance
 g - a potion of might

Dungeon Overview and Level Annotations

Branches:
Dungeon (6/15)
 Temple: D:4-7

Altars:
Ashenzari
Hepliaklqana

Shops:
D:1 =

Annotations:
D:3 1 transporter
D:5 Prince Ribbit
D:6 Maggie

####
####...#
#......###
#.........
#.........
#.@...Y...
#@........
#.....####
#.....#
......#
####+###


You could see Maggie (petrifying, very poisoned) and an ice beast.


Message History

Your iron imp hits the vampire mosquito.
The vampire mosquito closely misses you. 😕 HP[-5]
You take 5 damage, and now have 41/50 hp.
You slash the vampire mosquito!
The vampire mosquito seems to grow stronger.
Your grab misses the vampire mosquito. The vampire mosquito barely misses you.
The jelly hits your iron imp but does no damage.
The vampire mosquito completely misses you.
Your iron imp barely misses the vampire mosquito.
You hit the vampire mosquito.
The vampire mosquito seems to speed up.
Your grab misses the vampire mosquito.
The vampire mosquito closely misses you.
You block the vampire mosquito's attack.
The jelly hits your iron imp.
Your iron imp is splashed with acid.
The acid corrodes your iron imp! The vampire mosquito bites you!
The vampire mosquito draws strength from your injuries!
Your iron imp hits the jelly!
Your iron imp is burned by acid! 😮 HP[-13]
You take 13 damage, and now have 28/50 hp.
MASSIVE DAMAGE!! (PAUSE) Unknown command.
Unknown command.
You are too injured to fight recklessly!
You closely miss the vampire mosquito. Your grab misses the vampire mosquito.
Your squeeze misses the vampire mosquito.
The vampire mosquito completely misses you.
The vampire mosquito bites you.
The vampire mosquito draws strength from your injuries!
The vampire mosquito bites you.
* * * LOW HITPOINT WARNING * * *
The vampire mosquito draws strength from your injuries!
The jelly hits your iron imp.
Your iron imp is splashed with acid.
Your iron imp seems to be corroded for longer.
Your iron imp dies!
Your iron imp disappears in a puff of smoke!
The vampire mosquito barely misses you. 😨 HP[-4]
You take 4 damage, and now have 24/50 hp.
You closely miss the vampire mosquito. Your grab misses the vampire mosquito.
Your squeeze misses the vampire mosquito.
The vampire mosquito misses you. The vampire mosquito barely misses you.
The vampire mosquito bites you.
* * * LOW HITPOINT WARNING * * *
The vampire mosquito draws strength from your injuries! 😨 HP[-3]
You take 3 damage, and now have 21/50 hp.
Unknown command.
Okay, then.
As you read the scroll labelled MYGONEPNISM, it crumbles to dust.
The creatures around you are filled with an inner flame!
It was a scroll of immolation.
The vampire mosquito misses you. The vampire mosquito bites you!!
* * * LOW HITPOINT WARNING * * *
The vampire mosquito draws strength from your injuries!
The vampire mosquito completely misses you. 😱 HP[-18]
You take 18 damage, and now have 3/50 hp.
MASSIVE DAMAGE!! (PAUSE)
Okay, then.
Okay, then.
Okay, then.
You don't have any unidentified items.
Okay, then.
Okay, then.
As you read the scroll of teleportation {@r4}, it crumbles to dust.
You feel strangely unstable.
The vampire mosquito closely misses you.
The vampire mosquito bites you.
* * * LOW HITPOINT WARNING * * *
The vampire mosquito draws strength from your injuries!
The vampire mosquito barely misses you. 😱 HP[-2]
You take 2 damage, and now have 1/50 hp.
Unknown command.
The vampire mosquito completely misses you.
The vampire mosquito barely misses you. 😱 HP[+1]
You block the vampire mosquito's attack.
The vampire mosquito completely misses you.
The vampire mosquito barely misses you. x2
Your surroundings suddenly seem different.
Maggie and an ice beast come into view.
Maggie is wielding a +4 vorpal halberd and carrying a wand of paralysis (8).
You hear Xom's avuncular chuckle.
You are now a very special plaything of Xom.
The helpless Maggie fails to defend herself.
You hit Maggie.
Maggie's magic leaks into the air.
You grab Maggie. You constrict Maggie, but do no damage.
Maggie's magic is no longer disrupted.
Maggie gestures at you while chanting. The bolt of fire misses you.
You catch the helpless Maggie completely off-guard!
You hit Maggie.
Maggie is poisoned.
You squeeze Maggie, but do no damage. You constrict Maggie.
Maggie hits you with a +4 vorpal halberd!
You die...
Xom chuckles heartily!

Skill      XL: |  1  2  3  4  5  6  7 |
---------------+----------------------+-----
Dodging        | 3 4 5 6 7 9 |  9.0
Fighting       | |  3.0
Long Blades    | |  3.0

Action                   |  1- 3 |  4- 6 |  7- 9 || total
-------------------------+-------+-------+-------++-------
Melee: Falchion          |    62 |    92 |    73 ||   227
       Constrict         |    17 |    15 |    12 ||    44
       Tentacles         |    13 |    14 |    19 ||    46
  Use: Scroll            |     4 |     6 |     4 ||    14
       Potion            |       |     2 |     4 ||     6
 Stab: Sleeping          |     7 |     5 |     3 ||    15
       Distracted        |     1 |     1 |       ||     2
       Invisible         |     1 |       |       ||     1
       Confused          |       |       |     1 ||     1
       Petrifying        |       |       |     1 ||     1
Armor: Skin              |    11 |    13 |     8 ||    32
Dodge: Dodged            |    50 |    69 |    77 ||   196
Block: Buckler           |       |       |     9 ||     9

Levels and vault maps discovered:
D:1:      minmay_arrival_pointy, layout_loops_ring, serial_shops, shop,
          roderic_roman_lattice, nrook_mini_vaults, hangedman_decor_push
D:2:      cheibrodos_fertilizer, layout_basic, minmay_split_cup_large
D:3:      layout_loops_ring, ashenzari_altar_1, gammafunk_ghost_abyssal_escape,
          supply_closet_lemuel
D:4:      layout_rooms, nzn_hepliaklqana_mist_gate,
          minmay_fractal_squares_gapless_5
D:5:      layout_basic, serial_shops, shop, shop, shop, minivault_4,
          minmay_misc_feat_alley, uniq_duvessa, uniq_prince_ribbit1,
          uniq_crazy_yiuf_cottage
D:6:      layout_basic, minmay_temple_entry_sparse_star, st_stairs_12,
          uniq_maggie, uniq_grinder

Notes
Turn   | Place    | Note
-------+----------+-------------------------------------------
     0 | D:1      | spaghetti the Octopode Chaos Knight began the quest for the
                  | Orb.
     0 | D:1      | Reached XP level 1. HP: 16/16 MP: 1/1
     0 | D:1      | magus.rc [v1.9.6]
   128 | D:1      | You pick up a book of Minor Magic and begin reading...
   128 | D:1      | You add the spells Magic Dart, Call Imp and Mephitic Cloud
                  | to your library.
   220 | D:1      | Reached skill level 3 in Dodging
   220 | D:1      | Reached XP level 2. HP: 18/21 MP: 2/2
   414 | D:1      | Found Xaegrirchoetu's Jewellery Emporium.
   478 | D:2      | XOM: silly message
   488 | D:2      | Reached XP level 3. HP: 19/26 MP: 3/3
   847 | D:1      | Reached skill level 4 in Dodging
   850 | D:1      | You pick up a book of Air and begin reading...
   850 | D:1      | You add the spells Shock, Swiftness and Airstrike to your
                  | library.
   984 | D:1      | XOM: 7-stop teleportation journey
  1054 | D:1      | XOM: divination: detect items
  1312 | D:1      | XOM: cloud trail
  1672 | D:2      | XOM: potion effect (invisibility)
  1911 | D:2      | Reached XP level 4. HP: 24/31 MP: 4/4
  1927 | D:3      | XOM: summons 1 hostile demon
  2601 | D:2      | XOM: give mutations
  2601 | D:2      | Gained mutation: Your muscles are strong. (Str +2) [Xom's
                  | grace]
  2601 | D:2      | Gained mutation: Your flesh is cold resistant. (rC+) [Xom's
                  | grace]
  2601 | D:2      | Gained mutation: Your flesh is very cold resistant. (rC++)
                  | [Xom's grace]
  2640 | D:2      | Reached skill level 5 in Dodging
  2640 | D:2      | Reached XP level 5. HP: 30/36 MP: 5/5
  2642 | D:2      | XOM: cast spell 'Leda's Liquefaction'
  2680 | D:2      | XOM: god gift: 6 stones
  2907 | D:3      | Found a transporter.
  2919 | D:3      | Noticed a kobold brigand
  2919 | D:3      | Noticed a small abomination
  2996 | D:3      | XOM: divination: detect items
  2998 | D:3      | XOM: confuse monster(s)
  2999 | D:3      | XOM: fake destruction
  3000 | D:3      | Reached skill level 6 in Dodging
  3001 | D:3      | Reached XP level 6. HP: 19/42 MP: 6/6
  3006 | D:3      | XOM: cast spell 'Summon Mana Viper'
  3015 | D:3      | Reached skill level 7 in Dodging
  3256 | D:3      | Found a broken altar of Ashenzari.
  3348 | D:3      | XOM: give mutations
  3348 | D:3      | Gained mutation: You are partially covered in iridescent
                  | scales. (AC +2) [Xom's grace]
  3348 | D:3      | Gained mutation: Your mind is acute. (Int +2) [Xom's grace]
  3348 | D:3      | Gained mutation: You are strong-willed. (Will+) [Xom's
                  | grace]
  3383 | D:3      | You fall into a shaft and drop 1 floor!
  3408 | D:4      | Reached XP level 7. HP: 30/46 MP: 7/7
  3603 | D:4      | XOM: silly message
  3700 | D:4      | Reached skill level 8 in Dodging
  3934 | D:4      | Found a hazy altar of Hepliaklqana.
  3959 | D:4      | XOM: 5-stop teleportation journey
  4160 | D:4      | XOM: potion effect (curing)
  4166 | D:4      | XOM: summons friendly iron imp
  4395 | D:5      | Entered Level 5 of the Dungeon
  4397 | D:5      | Noticed Prince Ribbit
  4402 | D:5      | XOM: confuse monster(s)
  4407 | D:5      | Noticed Prince Ribbit
  4407 | D:5      | Prince Ribbit changed into Prince Ribbit the rime drake
  4407 | D:5      | XOM: polymorph Prince Ribbit -> Prince Ribbit the rime
                  | drake
  4416 | D:5      | HP: 9/46 [Prince Ribbit the rime drake (4)]
  4419 | D:5      | HP: 3/46 [Prince Ribbit the rime drake/flash freeze (16)]
  4420 | D:5      | Lost mutation: Your mind is acute. (Int +2) [potion of
                  | mutation]
  4420 | D:5      | Lost mutation: You are strong-willed. (Will+) [potion of
                  | mutation]
  4420 | D:5      | Gained mutation: You are robust. (+10% HP) [potion of
                  | mutation]
  4489 | D:6      | XOM: scenery: summon butterflies
  4919 | D:6      | Reached skill level 9 in Dodging
  4984 | D:6      | Noticed a vampire mosquito
  4984 | D:6      | Noticed a vampire mosquito
  4984 | D:6      | Noticed a wraith
  4985 | D:6      | Noticed a vampire mosquito
  4985 | D:6      | Noticed a vampire mosquito
  4985 | D:6      | XOM: summons friendly iron imp
  4995 | D:6      | HP: 3/50 [vampire mosquito (18)]
  4996 | D:6      | HP: 1/50 [vampire mosquito (2)]
  5000 | D:6      | Noticed Maggie
  5000 | D:6      | XOM: enchant monster (good)
  5002 | D:6      | Mangled by Maggie

Vanquished Creatures
  An ogre (D:4)
  A centaur (D:4)
  2 wights (D:3)
  A howler monkey (D:4)
  4 jellies
  An orc priest (D:4)
  3 iguanas (D:4)
  A gnoll (D:4)
  6 adders
  6 dart slugs
  8 orcs
  3 bats
  14 endoplasms
  2 giant cockroaches
  3 hobgoblins
  10 jackals
  A quokka (D:2)
  4 ball pythons
  A frilled lizard (D:2)
  11 goblins
  13 kobolds
  3 rats
99 creatures vanquished.

Vanquished Creatures (collateral kills)
  2 wights (D:3)
  An orc wizard (D:3)
3 creatures vanquished.

Vanquished Creatures (others)
  A fungus (D:2)
  4 toadstools (D:2)
5 creatures vanquished.

Grand Total: 107 creatures vanquished

Table legend:
 A = Non-vault XP
 B = Vault XP
 C = Vault XP percentage of total XP
 D = Non-vault monster count
 E = Vault monster count
 F = Vault count percentage of total count
                 A         B        C        D         E       F
            +---------+---------+-------+---------+---------+-------
      Total |     994 |     190 |  16.0 |      81 |      22 |  21.4
            +---------+---------+-------+---------+---------+-------
        D:1 |      44 |       0 |   0.0 |      22 |       0 |   0.0
        D:2 |      55 |     125 |  69.4 |      16 |      19 |  54.3
        D:3 |     364 |       0 |   0.0 |      17 |       0 |   0.0
        D:4 |     441 |      65 |  12.8 |      24 |       3 |  11.1
        D:5 |      45 |       0 |   0.0 |       1 |       0 |   0.0
        D:6 |      45 |       0 |   0.0 |       1 |       0 |   0.0
            +---------+---------+-------+---------+---------+-------

Illustrated notes

Table legend:
 A = Kills in this place as a percentage of kills in entire the game.
 B = Kills by you in this place as a percentage of kills by you in the entire game.
 C = Kills by friends in this place as a percentage of kills by friends in the entire game.
 D = Other kills in this place as a percentage of other kills in the entire game.
 E = Experience gained in this place as a percentage of experience gained in the entire game.
 F = Experience gained in this place divided by the number of levels of this place that you have seen.
                   A       B       C       D       E      F
               +-------+-------+-------+-------+-------+----------------------
         Total | 100.0 | 100.0 | 100.0 | 100.0 | 100.0 | 197.3
       Dungeon | 100.0 | 100.0 | 100.0 | 100.0 | 100.0 | 197.3
               +-------+-------+-------+-------+-------+----------------------

Table legend: (Time is in decaauts)
 A = Elapsed time spent in this place.
 B = Non-inter-level travel time spent in this place.
 C = Inter-level travel time spent in this place.
 D = Time resting spent in this place.
 E = Time spent auto-exploring this place.
 F = Levels seen in this place.
 G = Mean time per level.
                   A        B        C        D        E       F      G
               +--------+--------+--------+--------+--------+-----+--------+
         Total |   5042 |   4864 |    178 |   1327 |   2769 |   6 |  840.3 |
       Dungeon |   5042 |   4864 |    178 |   1327 |   2769 |   6 |  840.3 |
               +--------+--------+--------+--------+--------+-----+--------+

Top non-repeatable levels by time:
     D:2: 1661 daAuts
     D:1: 1255 daAuts
     D:4: 1021 daAuts
     D:6: 579 daAuts
     D:3: 491 daAuts
     D:5: 32 daAuts
